 Dungeon Crawl Stone Soup version 0.26-a0-466-g989023bd0d (webtiles) character file.

Game seed: 11934673728308664765

46 Lanoc the Skirmisher (level 3, -5/34 HPs)
             Began as a Minotaur Delver on Aug 3, 2020.
             Slain by an orc warrior
             ... wielding a +0 flail
              (21 damage)
             ... on level 6 of the Dungeon.
             The game lasted 00:01:04 (212 turns).

Lanoc the Skirmisher (Minotaur Delver)               Turns: 212, Time: 00:01:05

Health: -5/34      AC:  5    Str: 16    XL:     3   Next: 46%
Magic:  2/2        EV: 11    Int:  7    God:
Gold:   45         SH:  0    Dex: 12    Spells: 2/2 levels left

rFire    . . .     SeeInvis .   a - +0 hand axe
rCold    + . .     Faith    .   (no shield)
rNeg     . . .     Spirit   .   h - +0 ring mail {rC+}
rPois    .         Reflect  .   (helmet restricted)
rElec    .         Harm     .   (no cloak)
rCorr    .                      (no gloves)
MR       .....                  (no boots)
Stlth    ++........             (no amulet)
HPRegen  0.11/turn              (no ring)
MPRegen  0.08/turn              (no ring)

@: brilliant
A: retaliatory headbutt, horns 2
a: no special abilities


You were on level 6 of the Dungeon.
You visited 1 branch of the dungeon, and saw 2 of its levels.

You collected 45 gold pieces.

Inventory:

Hand Weapons
 a - a +0 hand axe (weapon)
 i - a +0 war axe
Armour
 h - a +0 ring mail of cold resistance (worn)
Wands
 g - a wand of digging (3)
Scrolls
 b - 2 scrolls of teleportation {unknown}
 c - a scroll of fog
 d - a scroll of magic mapping
 e - a scroll of fear
Potions
 f - a potion of haste


   Skills:
 + Level 4.4 Fighting
 * Level 3.8 Axes
 + Level 2.4 Dodging
 - Level 4.1 Stealth


You had 2 spell levels left.
You didn't know any spells.
Your spell library was empty.

Dungeon Overview and Level Annotations

Branches:
Dungeon (5/15)
 Temple: D:4-7

Altars:


Innate Abilities, Weirdness & Mutations

You reflexively headbutt those who attack you in melee.
You have a pair of horns on your head.


Message History

The orc warrior hits you with a +0 flail.
It was a potion of brilliance.
You feel clever all of a sudden. The orc closely misses you.
The orc barely misses you. The orc hits you but does no damage.
An orc comes into view. It is quivering 11 poisoned darts.
You hit the orc warrior but do no damage.
You headbutt the orc warrior!
The orc warrior is moderately wounded.
You hit the orc. x2
The orc warrior hits you with a +0 flail!
The orc misses you. The orc hits you but does no damage. x2
You closely miss the orc warrior.
The orc warrior is moderately wounded.
You hit the orc.
You kill the orc!
You barely miss the orc.
The orc warrior hits you with a +0 flail!!
Ouch! That really hurt!
You die...

..... #.##..#
.....####.....####
.......#.........#
###......##.##.....#
#...#.....#..#....##
##...#........##...##
..............###...#
............o.#oo..####
..............)@......#
.............o##......#
..............##.#....#
...............#......#
......................#
..............##......#
.....................##
......................
......................#


You could see an orc warrior and 3 orcs.

Vanquished Creatures
  A jelly (D:6)
  A hound skeleton (D:5)
  2 orcs
  A quokka (D:5)
5 creatures vanquished.

Notes
Turn   | Place    | Note
-------+----------+-------------------------------------------
     0 | D:5      | Lanoc the Minotaur Delver began the quest for the Orb.
     0 | D:5      | Reached XP level 1. HP: 19/19 MP: 0/0
    76 | D:5      | Reached XP level 2. HP: 27/27 MP: 1/1
   115 | D:5      | Noticed a sky beast
   151 | D:5      | You fall into a shaft and drop 1 floor!
   160 | D:6      | Reached XP level 3. HP: 27/34 MP: 2/2
   185 | D:6      | Noticed an orc warrior
   212 | D:6      | Slain by an orc warrior

Illustrated notes

Levels and vault maps discovered:
D:5:      layout_cave_pools, lemuel_doored_altar, tgw_fedhas
D:6:      layout_cave_pools, overflow_temple_1_default, serial_shops,
          nicolae_shop_temple_entry_statues_fountains, grunt_ministairs_12,
          grunt_decor_arrowhead, uniq_prince_ribbit1

Skill      XL: |  1 |
---------------+----+-----
Fighting       | 4 |  4.4
Axes           | 3 |  3.8
Dodging        | |  2.4
Stealth        | |  4.1

Action                   || total
-------------------------++-------
Melee: Hand axe          ||    17
       Headbutt          ||     6
  Use: Potion            ||     1
Armor: Ring mail         ||     6
Dodge: Dodged            ||    15

Table legend: (Time is in decaauts)
 A = Elapsed time spent in this place.
 B = Non-inter-level travel time spent in this place.
 C = Inter-level travel time spent in this place.
 D = Time resting spent in this place.
 E = Time spent auto-exploring this place.
 F = Levels seen in this place.
 G = Mean time per level.
                   A        B        C        D        E       F      G
               +--------+--------+--------+--------+--------+-----+--------+
         Total |    213 |    213 |      0 |      0 |     92 |   2 |  106.5 |
       Dungeon |    213 |    213 |      0 |      0 |     92 |   2 |  106.5 |
               +--------+--------+--------+--------+--------+-----+--------+

Top non-repeatable levels by time:
     D:5: 152 daAuts
     D:6: 61 daAuts
